Cogmind - Beta 13 @@@ ROGUE MODE // 2024.04.06 @ 00:09:51 Player: graour Result: Destroyed by Y-45 Defender with Beam Rifle Performance ------------- Evolutions (1) 500 Regions Visited (3) 600 Robots Destroyed (44) 220 Value Destroyed (876) 876 Prototype IDs (4) 80 Alien Tech Used (0) 0 Bonus (0) 0 TOTAL SCORE: 2276 Bonus ------- None Cogmind --------- Core Integrity 0/400 Matter 135/300 Energy 445/445 System Corruption 3% Temperature Cool (43) Movement Rolling (155) Ox5 Location -9/Storage Parts ------- > --- POWER (2) -------- Improved Ion Engine Cooled Ion Engine > --- PROPULSION (3) --- Wheel Wheel > --- UTILITY (2) ------ Huge Storage Unit Field Recycling Unit (fused) > --- WEAPON (2) ------- Advanced Beam Cannon Improved Assault Rifle > --- INVENTORY (25) --- Ion Engine Ion Engine Ion Engine Light Ion Engine Improved Ion Engine Improved Ion Engine Small Storage Unit Small Storage Unit Large Storage Unit Field Recycling Unit (0) Field Recycling Unit (0) Field Recycling Unit (0) Improved Medium Laser Rocket Launcher Mini Grenade Launcher Datajack Peak State ------------ > --- POWER ------------ Improved Ion Engine Cooled Ion Engine > --- PROPULSION ------- Wheel Wheel Wheel > --- UTILITY ---------- Huge Storage Unit Field Recycling Unit > --- WEAPON ----------- Advanced Beam Cannon Improved Assault Rifle > --- INVENTORY -------- Ion Engine Ion Engine Ion Engine Light Ion Engine Improved Ion Engine Improved Ion Engine Small Storage Unit Small Storage Unit Large Storage Unit Field Recycling Unit Field Recycling Unit Field Recycling Unit Improved Medium Laser Rocket Launcher Mini Grenade Launcher Datajack [Rating: 19] Favorites ----------- Power Ion Engine Engine Ion Engine Propulsion Aluminum Leg Leg Aluminum Leg Wheel Wheel Utility Huge Storage Unit Device Field Recycling Unit Storage Huge Storage Unit Weapon Improved Medium Laser Energy Gun Improved Medium Laser Energy Cannon Advanced Beam Cannon Ballistic Gun Heavy Assault Rifle Launcher Rocket Launcher Special Melee Weapon Datajack Build | -11 -10 -9 -9 ------- Run | Yrd Mat Mat Sto Slots Evolved 2 | . . 2 . Power 1 | . . 1 . Propulsion 1 | . . 1 . Utility . | . . . . Weapon . | . . . . Parts Attached 47 | 7 4 22 14 Power 15 | 1 1 9 4 Engine 15 | 1 1 9 4 Core . | . . . . Reactor . | . . . . Propulsion 10 | 2 . 3 5 Treads . | . . . . Leg 4 | 2 . . 2 Wheel 6 | . . 3 3 Hover . | . . . . Flight . | . . . . Utility 6 | 2 3 1 . Device 2 | . 1 1 . Storage 4 | 2 2 . . Processor . | . . . . Hackware . | . . . . Protection . | . . . . Artifact . | . . . . Weapon 16 | 2 . 9 5 Energy Gun 7 | 1 . 5 1 Energy Cannon 1 | . . . 1 Ballistic Gun 5 | 1 . 3 1 Ballistic Cannon . | . . . . Launcher 2 | . . . 2 Special Weapon . | . . . . Impact Weapon . | . . . . Slashing Weapon . | . . . . Piercing Weapon . | . . . . Special Melee Weapon 1 | . . 1 . Unidentified Prototypes 4 | . . 2 2 Parts Lost 16 | . . 9 7 Power 3 | . . 2 1 Propulsion 6 | . . 2 4 Utility 1 | . . 1 . Weapon 6 | . . 4 2 Highest Loss Streak 7 | . . 7 4 To Critical Strikes . | . . . . Average Slot Usage (%) 83 | . 100 76 83 Engine 19 | . 14 20 21 Leg 10 | . 28 2 10 Wheel 7 | . . 9 8 Device 11 | . 13 10 11 Storage 11 | . 14 11 11 Energy Gun 11 | . 14 15 6 Ballistic Gun 8 | . 14 5 9 Launcher 1 | . . . 3 Naked Turns . | . . . . Heaviest Build 111 | 19 90 106 111 Greatest Support 30 | 20 20 30 30 Greatest Overweight (x) 36 | . 4 34 36 Average Overweight (x) 4 | . 1 6 5 Largest Inventory Capacity 25 | 8 25 25 25 Average Capacity 22 | 6 17 25 25 Most Carried 20 | 2 19 20 20 Average Carried 13 | 1 6 13 19 Final Capacity 25 | 8 25 25 25 Final Carried 19 | 2 19 19 16 Class Distribution -------------------- 62% | Mutant 37% | Scavenger-Mutant Dominant Class ---------------- Mutant | -10/Materials Mutant | -9/Materials Scavenger-Mutant | -9/Storage Resources | -11 -10 -9 -9 ----------- Run | Yrd Mat Mat Sto Matter Collected 828 | 241 80 212 295 Remotely . | . . . . Salvage Created 1291 | 88 153 552 498 Parts 90 | 5 9 43 33 Haulers Intercepted 1 | . . . 1 Recyclers Shooed 4 | . . 2 2 Parts Field Recycled . | . . . . Retrieved Matter . | . . . . Parts Self-Destructed . | . . . . Prevented . | . . . . Kills | -11 -10 -9 -9 ------- Run | Yrd Mat Mat Sto Combat Hostiles Destroyed 31 | . 5 14 12 Guns 25 | . 5 14 6 AOE 6 | . . . 6 Classes Destroyed 9 | 1 3 3 2 Worker 1 | . . . 1 Builder 4 | . . 2 2 Hauler 1 | . . . 1 Recycler 3 | 1 . 1 1 Mechanic 1 | . . 1 . Watcher 3 | . 1 2 . Swarmer 15 | . 3 9 3 Grunt 12 | . 2 3 7 Sentry 4 | . . 2 2 Best Kill Streak 8 | 1 4 8 3 Combat Bots Only 7 | . 4 7 3 Max Kills in Single Turn 3 | 1 1 1 3 Gunslinging . | . . . . Exploded 3 | . . . 3 Melee . | . . . . Uniques/NPCs Destroyed . | . . . . Combat | -11 -10 -9 -9 -------- Run | Yrd Mat Mat Sto Hostile Shots Fired 239 | . 18 129 92 Missed 48 | . 6 23 19 Damage Taken 2030 | . 154 956 920 Core 416 | . 13 193 210 Absorbed by Shields . | . . . . Core Remaining (%) 97 | 100 94 . . Volleys Fired 109 | 1 13 43 52 Largest 2 | 2 2 2 2 Hottest 112 | 70 70 112 91 Shots Fired 204 | 2 26 81 95 Gun 191 | 2 26 81 82 Cannon 5 | . . . 5 Launcher 8 | . . . 8 Special . | . . . . Kinetic 97 | 1 13 25 58 Thermal 99 | 1 13 56 29 Explosive 8 | . . . 8 Electromagnetic . | . . . . Robot Hit Streak 8 | 1 4 6 8 Robot Miss Streak 7 | 1 3 7 5 Penetration Max . | . . . . Secondary Targets 4 | . 1 1 2 Max Gunslinging Chain 1 | . 1 1 1 Shots Hit Robots 94 | 1 17 41 35 Core Hits 58 | 1 9 24 24 Critical Kills . | . . . . Critical Parts Destroyed . | . . . . Critical Strikes 9 | . 3 4 2 Burn 9 | . 3 4 2 Melee Attacks . | . . . . Impact . | . . . . Slashing . | . . . . Piercing . | . . . . Sneak Attacks . | . . . . Combat Hostiles . | . . . . Follow-up Attacks . | . . . . Damage Inflicted 2090 | 19 207 772 1092 Guns 1457 | 15 202 769 471 Cannons 42 | . . . 42 Explosions 564 | . . . 564 Melee . | . . . . Ramming 27 | 4 5 3 15 Kinetic 602 | 15 113 225 249 Thermal 897 | . 89 544 264 Explosive 564 | . . . 564 Electromagnetic . | . . . . Impact . | . . . . Slashing . | . . . . Piercing . | . . . . Highest Corruption 3 | . . 3 3 Average Corruption 2 | . . 2 3 Corruption Purged . | . . . . Corruption Blocked . | . . . . Effects 36 | . . 18 18 Message Errors 8 | . . 3 5 Matter Fused 8 | . . 3 5 Heat Flow Errors 3 | . . 3 . Energy Discharges 6 | . . 3 3 Parts Rejected 1 | . . 1 . Parts Fused 2 | . . 1 1 Data Loss (minor) 3 | . . . 3 Data Loss (major) 2 | . . 1 1 Misfires 3 | . . 3 . Overload Shots . | . . . . Overflow Damage 11 | . . . 11 Projectiles . | . . . . Explosions 11 | . . . 11 Melee . | . . . . Knockbacks . | . . . . Impact . | . . . . Kinetic . | . . . . Secondary . | . . . . Self-Inflicted Damage 65 | . . . 65 Shots 3 | . . . 3 Rammed 5 | . . 5 . Targets Rammed 12 | 3 2 5 2 Kicked 7 | 3 2 . 2 Crushed . | . . . . Highest Temperature 585 | 9 142 585 418 Average Temperature 126 | 6 61 149 117 Received Heat Transfer 516 | . 72 165 279 Effects 17 | . . 13 4 Shutdowns 5 | . . 3 2 Energy Bleed 3 | . . 2 1 Interference 4 | . . 4 . Short Circuit 1 | . . 1 . Damage (minor) 1 | . . 1 . Damage (major) 3 | . . 2 1 Siege Activations . | . . . . Robots Corrupted . | . . . . Combat Hostiles . | . . . . Parts Fried . | . . . . Impact Corruptions . | . . . . Robots Melted . | . . . . Combat Hostiles . | . . . . Parts Melted 4 | . 2 2 . Heat Transferred 2763 | . 481 1579 703 Parts Sabotaged . | . . . . Parts Stolen . | . . . . Parts Stripped . | . . . . Power Chain Reactions . | . . . . Alert | -11 -10 -9 -9 ------- Run | Yrd Mat Mat Sto Peak Influence 164 | 5 131 164 160 Initial 63 | . 3 . 63 Average 64 | 1 34 62 87 Maximum Alert Level . | . . . . Low Security (%) 100 | 100 100 100 100 Level 1 . | . . . . Level 2 . | . . . . Level 3 . | . . . . Level 4 . | . . . . Level 5 . | . . . . High Security . | . . . . Max Security . | . . . . Squads Dispatched 3 | . . 1 2 Investigation 2 | . . 1 1 Extermination . | . . . . Reinforcement 1 | . . . 1 Assault . | . . . . Garrison . | . . . . Intercept . | . . . . Searches Triggered . | . . . . Construction Impeded . | . . . . Haulers Reinforced . | . . . . Active Scanning Responses . | . . . . Cargo Convoy Interrupts . | . . . . Stealth | -11 -10 -9 -9 --------- Run | Yrd Mat Mat Sto Distress Signals 6 | . . 3 3 Communications Jammed . | . . . . Distress Signals . | . . . . Times Spotted 44 | . 6 24 14 Peak Tracking Total 8 | . 3 8 3 Tactical Retreats 1 | . . 1 . Traps | -11 -10 -9 -9 ------- Run | Yrd Mat Mat Sto Traps Triggered 2 | . . 1 1 Indirectly . | . . . . Trap Hack Attempts . | . . . . Triggered . | . . . . Disarmed . | . . . . Reprogrammed . | . . . . Reused . | . . . . Traps Extracted . | . . . . Installed . | . . . . Triggered . | . . . . Machines | -11 -10 -9 -9 ---------- Run | Yrd Mat Mat Sto Machines Disabled 1 | . . . 1 Max in Single Turn 1 | . . . 1 Machines Repaired . | . . . . Machines Dismantled . | . . . . Machines Sabotaged . | . . . . Overloaded Fab Kills . | . . . . Hacking | -11 -10 -9 -9 --------- Run | Yrd Mat Mat Sto Machines Accessed 2 | . . 1 1 Terminals 2 | . . 1 1 Fabricators . | . . . . Repair Stations . | . . . . Recycling Units . | . . . . Scanalyzers . | . . . . Garrison Access . | . . . . Total Hacks 5 | . . 3 2 Successful 3 | . . 3 . Failed 2 | . . . 2 Catastrophic . | . . . . Database Lockouts . | . . . . Manual . | . . . . Terminals 5 | . . 3 2 Fabricators . | . . . . Repair Stations . | . . . . Recycling Units . | . . . . Scanalyzers . | . . . . Garrison Access . | . . . . Terminal Hacks 3 | . . 3 . Record 3 | . . 3 . Fabricator Hacks . | . . . . Repair Station Hacks . | . . . . Recycling Unit Hacks . | . . . . Scanalyzer . | . . . . Garrison Access Hacks . | . . . . Unauthorized Hacks . | . . . . Terminals . | . . . . Fabricators . | . . . . Repair Stations . | . . . . Recycling Units . | . . . . Scanalyzers . | . . . . Garrison Access . | . . . . Data Cores Recovered . | . . . . Used . | . . . . Hacking Detections 2 | . . 1 1 Full Trace Events 2 | . . 1 1 Feedback Events . | . . . . Feedback Blocked . | . . . . Robot Schematics Acquired . | . . . . Robots Built . | . . . . Authchips . | . . . . Time . | . . . . Total Robot Build Rating . | . . . . Part Schematics Acquired . | . . . . Parts Built . | . . . . Authchips . | . . . . Time . | . . . . Total Part Build Rating . | . . . . Parts Repaired . | . . . . Time . | . . . . Parts Recycled . | . . . . Recycled Matter . | . . . . Retrieved Matter . | . . . . Retrieved Components . | . . . . Parts Scanalyzed . | . . . . Part Schematics Acquired . | . . . . Parts Damaged . | . . . . Bothacking | -11 -10 -9 -9 ------------ Run | Yrd Mat Mat Sto Used RIF Installer . | . . . . Robots Hacked . | . . . . Non-combat . | . . . . Combat . | . . . . Robot Hacks Applied . | . . . . Relay Couplers Released . | . . . . Fabnet Peak Effective % . | . . . . Robots Rewired . | . . . . Allies Hacked . | . . . . Hacks Repelled . | . . . . Allies | -11 -10 -9 -9 -------- Run | Yrd Mat Mat Sto Total Allies . | . . . . Largest Group . | . . . . Highest-Rated Group . | . . . . Highest-Rated Ally . | . . . . Total Orders . | . . . . Ally Attacks . | . . . . Total Damage . | . . . . Kills . | . . . . Allies Corrupted . | . . . . Allies Melted . | . . . . Intel | -11 -10 -9 -9 ------- Run | Yrd Mat Mat Sto Robot Analysis Total . | . . . . Derelict Logs Recovered . | . . . . Drone Launches . | . . . . Drone Recoveries . | . . . . Exploration | -11 -10 -9 -9 ------------- Run | Yrd Mat Mat Sto Turns Passed 2834 | 88 559 1106 1081 Spaces Moved 808 | 64 231 267 246 Core 54 | 10 . 29 15 Treads . | . . . . Legs 395 | 54 231 14 96 Wheels 359 | . . 224 135 Hover . | . . . . Flight . | . . . . Fastest Speed 50 | 50 120 125 125 Average Speed 287 | 109 216 319 366 Slowest Speed 1850 | 120 400 1750 1850 Overloaded Moves . | . . . . Propulsion Burnouts . | . . . . Robots Hopped . | . . . . Cave-ins Triggered . | . . . . Exploration Rate (%) 20 | 5 34 18 26 Regions Visited 3 Branch Regions 1 Pre-discovered Areas . | . . . . Known Exits Taken . | . . . . Unknown Exits Taken 3 | 1 1 1 . Scrap Searched . | . . . . Spaces Dug 8 | . . . 8 Terrain Destroyed 61 | . . . 61 Melee . | . . . . Projectile . | . . . . AOE 61 | . . . 61 Terrain Rammed . | . . . . Walls Destroyed . | . . . . Machines Disabled . | . . . . Actions | -11 -10 -9 -9 --------- Run | Yrd Mat Mat Sto Total 1013 | 76 263 353 321 Wait 10 | . . 10 . Move 805 | 63 230 266 246 Hop . | . . . . Pick Up 20 | 2 13 3 2 Fast Attach 17 | 7 1 6 3 Attach 15 | . . 9 6 Detach 7 | . 1 3 3 Swap 16 | . 3 8 5 Drop 2 | . . . 2 Fire 109 | 1 13 43 52 Melee . | . . . . Ram 5 | . . 5 . Kick 7 | 3 2 . 2 Crush . | . . . . Escape Stasis . | . . . . Rewire . | . . . . Trap . | . . . . Miscellaneous . | . . . . Route ------- -11/Scrapyard -10/Materials -9/Materials -9/Storage History --------- Turn | Location | Event 5 | -11/Scrapyard | Discovered new exit (range 16) 89 | -11/Scrapyard | Entered Materials 318 | -10/Materials | Build established: Mutant 508 | -10/Materials | Discovered new exit (range 3) 648 | -10/Materials | Entered another Materials area 648 | -9/Materials | Evolved 2 slots: Power x1, Propulsion x1 810 | -9/Materials | Destroyed 7 combat bots 813 | -9/Materials | Lost 7 parts (2p2n1u2w) 1715 | -9/Materials | Build established: Scavenger-Mutant 1739 | -9/Materials | Discovered new exit (range 8) 1754 | -9/Materials | Entered Storage 1938 | -9/Storage | Core integrity fell below 50% 2530 | -9/Storage | Lost 4 parts (1p2n1w) 2581 | -9/Storage | Core integrity fell below 20% 2775 | -9/Storage | Build established: Mutant 2835 | -9/Storage | Destroyed by Y-45 Defender with Beam Rifle Last Messages --------------- R-06 Scavenger collects Heat Sink. U-05 Engineer lays Concrete. R-06 Scavenger collects Ion Engine. U-05 Engineer builds a Wall. U-05 Engineer lays Concrete. U-05 Engineer builds a Wall. R-06 Scavenger collects Imp. Ion Engine. R-06 Scavenger destroyed. U-05 Engineer builds a Wall. U-05 Engineer lays Concrete. U-05 Engineer destroyed. U-05 Engineer lays Concrete. U-05 Engineer builds a Wall. Acquired Wheel. U-05 Engineer lays Concrete. U-05 Engineer builds a Wall. U-05 Engineer lays Concrete. U-05 Engineer builds a Door. K-01 Serf collects debris. Wheel destroyed. Map ----- +----------------------------------------------------+ | ????????????????????????????????????????????? | | ????????????????????????????????????????????? | | ????????????????????????????????????????????? | | ????????????????????????????????????????????? | | ????????????????????????????????????????????? | | ????????????????????????????????????????????? | | ????????????????????????????????????????????? | | ????????????????????????????????????????????? | | ????????????????????????????????????????????? | | ????????????????????????????????????????????? | | ???????????????????????? ???????????????????? | | ???????????????????????? ???????????????????? | | ????????????????????????a???????????????????? | | ???????????????????????#Y???????????????????? | | ???????????????????????# ???????????????????? | | ???????????????????????# ####???????????????? | | ???????????????????????# #???????????????? | | ??????????????##???????# #???????????????? | | ???###????#### ???????# ####### ???????? | | ???# ???? # "??????? #??????? | | ???# ????" # "???????# #??????? | | ???# ????" # "???????# "" ???????? | | ???# "????" # "???????# T" a ??????????? | | ???# "???"" # """"???## "" k#????????????? | | ???# "??"" """ ## k #????????????? | | ???# """" + @ o #????????????? | | #### #*% # ][ #????????????? | | ########+##+######+#### ][ ###??????????? | | % % * #??????????? | | % =**! ! [ +??????????? | | !!!%!%| #??????????? | | ##### #########+############ #??????????? | | # # #???????? #??????????? | | # #""" #????????? #??????????? | | # #""" #?????????? ??????????? | | # #""" #??????????? ?????????? | | # #? #???????????? ????????? | | # !! #?"" #?????????????????????? | | # ]! #????? #?????????????????????? | | # ] #??????? #?????????????????????? | | ## ########??????????????????????????????? | | ## ###??????????????????????????????????????? | | ?# #????????????????????????????????????????? | | ?# #????????????????????????????????????????? | | ?# #????????????????????????????????????????? | | ## #????????????????????????????????????????? | | ! #????????????????????????????????????????? | | ####????????????????????????????????????????? | | ????????????????????????????????????????????? | | ????????????????????????????????????????????? | +----------------------------------------------------+ Best States ------------- Heat Dissipation 28 Energy Generation 21 Energy Capacity 445 Matter Stores 300 Matter Capacity 300 Sight Range 16 Robot Scan Range 14 Terrain Scan Density 10 Evasion (%) 55 Item Schematics ----------------- None Robot Schematics ------------------ None Fabricated ------------ Nothing Alien Tech Used ----------------- None Achievements -------------- None Challenges ------------ None Game ------ Seed ThiefThrowingGreatsword Manual? 0 Play Time 00:18:54 Cumulative 5.9 hours Start 2024.04.05 @ 23:30:54 End 2024.04.06 @ 00:09:51 Sessions 1 Manual Loads 0 Difficulty Rogue Special Mode None Game No. 12 Rogue 12 Adventurer 0 Explorer 0 Win Type - Total 0 Types 0/0/0/0/0/0/0/0/0 Lore% 3 Gallery% 13 Achievement% 11 Wizard Run 0 Options --------- Layout 1 ASCII 0 Keyboard 0 Movement Arrows Keybinds 0 Fullscreen 1 Font 24/Smallcaps Map View 50x35 Zoom Use 0% Tactical HUD 0 Map Filters NONE Filters NONE Steam 1 RUN: 32223d88-639a-4279-aee6-847bc8e87d7a